AoeStats
← Olivenwald

Arena

507087758Analyzed
4v4 RM · 15d ago on Sep 16, 2026· 52m 43s· 8 players
Game mode
Random Map
Map size
Large (8 player)
Population
200
Speed
Normal
Resources
Standard
Victory
Conquest
Starting age
Dark Age
Ending age
Imperial Age
RankedLock teamsTeams togetherTeam positionsShared explorationLock speedFull tech treeHidden civsTurbo modeCheats
Victory
Defeat
🇨🇳 Spanish · China
650
+9
🇨🇦 Slavs · Canada
610
+10
🇿🇦 Sicilians · South Africa
565
+12
🇯🇵 Inca · Japan
494
+14
🇵🇪 Goths · Peru
501
-12
🇪🇸 Turks · Spain
498
-12
🇩🇪 Britons · Germany
467
-11
🇧🇷 Khmer · Brazil
437
-10
isac.agabi
21:18 Feudal Age
24:43 Loom
26:48 Wheelbarrow
26:00 Town Watch
26:09 Gold Mining
26:10 Stone Mining
26:10 Double-Bit Axe
26:14 Horse Collar
27:06 Man-at-Arms
27:31 Arson
31:21 Castle Age
36:19 Hand Cart
36:05 Town Patrol
36:44 Gold Shaft Mining
36:45 Stone Shaft Mining
36:24 Bow Saw
35:40 Long Swordsman
35:41 Pikeman
35:44 Crossbowman
36:40 Heavy Plow
39:33 Imperial Age
41:19 Tusk Swords
42:00 Arbalester
42:05 Two-Handed Swordsman
43:01 Double Crossbow
42:23 Elite Ballista Elephant
43:51 Hoardings
42:59 Sappers
44:14 Crop Rotation
46:47 Chemistry
46:20 Conscription
47:54 Light Cavalry
48:45 Bloodlines
50:41 Forging
50:32 Scale Mail Armor
50:37 Scale Barding Armor
50:24 Fletching
50:34 Padded Archer Armor
guillo
8:54 Feudal Age
10:19 Double-Bit Axe
10:29 Loom
11:00 Horse Collar
13:15 Wheelbarrow
18:34 Castle Age
16:28 Gold Mining
16:52 Stone Mining
20:32 Bow Saw
22:12 Bloodlines
22:02 Husbandry
24:10 Forging
24:05 Scale Barding Armor
25:18 Hand Cart
27:46 Heavy Plow
31:21 Imperial Age
31:08 Iron Casting
30:53 Chain Barding Armor
33:10 Two-Man Saw
32:49 Gold Shaft Mining
32:47 Town Watch
34:32 Blast Furnace
34:08 Plate Barding Armor
34:23 Conscription
34:27 Artillery
35:57 Ballistics
42:59 Cavalier
47:13 Town Patrol
El Fiel
14:14 Feudal Age
15:12 Double-Bit Axe
15:09 Horse Collar
22:57 Castle Age
24:31 Bow Saw
24:24 Heavy Plow
31:46 Wheelbarrow
31:54 Wheelbarrow
31:12 Gold Mining
35:19 Imperial Age
33:17 Hand Cart
36:03 Forging
35:53 Scale Mail Armor
36:26 Town Watch
36:06 Light Cavalry
38:14 Stone Mining
Olivenwald
tbogwald
9:21 Loom
13:23 Feudal Age
13:49 Double-Bit Axe
13:45 Horse Collar
20:05 Castle Age
18:12 Gold Mining
18:30 Stone Mining
19:40 Forging
18:53 Man-at-Arms
21:04 Bow Saw
20:57 Heavy Plow
21:37 Gold Shaft Mining
21:05 Scale Mail Armor
22:09 Iron Casting
23:27 Chain Mail Armor
22:43 Pikeman
23:31 Squires
30:02 Imperial Age
27:59 Fortified Wall
28:56 Masonry
28:57 Fletching
32:03 Two-Man Saw
31:36 Crop Rotation
31:58 Halberdier
33:16 Plate Mail Armor
35:51 Conscription
35:33 Druzhina
39:01 Blast Furnace
37:58 Bodkin Arrow
38:06 Padded Archer Armor
38:12 Scale Barding Armor
38:22 Long Swordsman
39:08 Detinets
39:44 Hoardings
39:51 Town Watch
40:42 Wheelbarrow
40:33 Town Patrol
45:16 Chain Barding Armor
45:12 Leather Archer Armor
46:15 Elite Boyar
47:27 Caravan
47:57 Coinage
47:12 Two-Handed Swordsman
47:57 Champion
50:13 Banking
50:22 Plate Barding Armor
50:17 Ring Archer Armor
49:22 Sappers
49:51 Murder Holes
50:17 Ballistics
49:48 Guard Tower
50:03 Siege Engineers
石头哥
11:43 Feudal Age
15:14 Double-Bit Axe
19:31 Castle Age
20:38 Bow Saw
20:19 Horse Collar
23:43 Wheelbarrow
27:58 Stone Mining
28:11 Heavy Plow
28:08 Gold Mining
28:16 Fletching
28:27 Padded Archer Armor
28:33 Scale Barding Armor
28:41 Forging
30:19 Stone Shaft Mining
32:38 Imperial Age
32:58 Chain Barding Armor
32:54 Leather Archer Armor
32:35 Bodkin Arrow
33:15 Iron Casting
34:30 Ballistics
35:13 Chemistry
36:25 Two-Man Saw
36:00 Hand Cart
35:33 Town Watch
35:54 Husbandry
36:05 Bloodlines
36:07 Thumb Ring
35:22 Heavy Cavalry Archer
36:46 Town Patrol
37:05 Caravan
38:13 Conscription
40:49 Blast Furnace
39:53 Bracer
40:24 Ring Archer Armor
40:30 Plate Barding Armor
40:27 Elite Conquistador
45:12 Loom
Jawaharlal NEHRU
0:35 Loom
12:04 Feudal Age
12:44 Double-Bit Axe
12:44 Horse Collar
15:49 Town Watch
21:03 Castle Age
20:31 Fletching
21:33 Gold Mining
23:16 Wheelbarrow
22:38 Crossbowman
25:03 Forging
26:17 Fortified Wall
26:32 Heavy Plow
27:38 Treadmill Crane
30:57 Bow Saw
32:45 Ballistics
32:39 Masonry
32:09 Pikeman
32:51 Squires
33:22 Bodkin Arrow
35:40 Stone Mining
36:43 Hand Cart
37:21 Thumb Ring
37:40 Padded Archer Armor
39:19 Andean Sling
42:26 Imperial Age
39:59 Town Patrol
40:24 Leather Archer Armor
44:06 Conscription
44:00 Siege Engineers
44:56 Chemistry
43:40 Halberdier
44:06 Capped Ram
46:19 Arbalester
46:19 Elite Skirmisher
48:07 Elite Kamayuk
50:57 Champi Runner
sheldongriffinjohnson
12:02 Feudal Age
13:54 Double-Bit Axe
16:13 Horse Collar
24:25 Castle Age
23:06 Gold Mining
23:07 Stone Mining
26:02 Gold Shaft Mining
27:38 Forging
29:37 Bow Saw
31:23 Wheelbarrow
33:25 Iron Casting
32:55 Scale Mail Armor
33:46 Stone Shaft Mining
33:15 Heavy Plow
33:34 Hand Cart
41:11 Imperial Age
41:19 Cavalier
41:22 Elite Serjeant
42:57 Capped Ram
45:39 Siege Ram
Connection lost

Rejoining the realm…

Still unreachable

The connection could not be restored.

Session expired

The server has moved on; the page needs a fresh start.